 Dungeon Crawl Stone Soup version 0.30.1-9-gdf580d7c3d (webtiles) character file.

Game seed: 15805901172184220584

8043 pkoi the Tainter (level 11, -5/88 HPs)
             Began as a Purple Draconian Venom Mage on Oct 9, 2023.
             Was a Priest of Vehumet.
             Slain by a two-headed ogre
             ... wielding a +0 giant club
              (18 damage)
             ... on level 10 of the Dungeon on Oct 10, 2023.
             The game lasted 00:18:54 (13283 turns).

pkoi the Tainter (Purple Draconian Venom Mage)     Turns: 13283, Time: 00:18:55

Health: -5/88      AC: 11    Str: 11    XL:     11   Next: 4%
Magic:  8/20       EV: 13    Int: 19    God:    Vehumet [***...]
Gold:   709        SH:  0    Dex: 12    Spells: 14/22 levels left

rFire   . . .        C - +5 scimitar
rCold   . . .        (no shield)
rNeg    . . .        (body armour unavailable)
rPois   .            (helmet restricted)
rElec   .            (no cloak)
rCorr   .            (no gloves)
SInv    .            (no boots)
Will    +....        (no amulet)
Stlth   ++           g - +4 ring of protection
HPRegen 0.34/turn    (no ring)
MPRegen 0.17/turn

%: no passive effects
@: radiating poison
A: breathe power, AC +7, unfitting armour, cold-blooded
a: Breathe Dispelling Energy, Renounce Religion


You were on level 10 of the Dungeon.
You worshipped Vehumet.
Vehumet was most pleased with you.
You visited 1 branch of the dungeon, and saw 10 of its levels.

You collected 709 gold pieces.

Inventory:

Hand Weapons
 c - a +0 whip
 x - a +0 whip of electrocution
 C - a +5 scimitar (weapon)
Missiles
 f - 25 poisoned darts
 p - 5 atropa-tipped darts
 y - a throwing net
Jewellery
 g - a +4 ring of protection (left hand)
 E - a ring of flight
Wands
 b - a wand of flame (34)
 e - a wand of light (2)
 j - a wand of mindburst (7)
 q - a wand of digging (5)
 r - a wand of iceblast (22)
 w - a wand of polymorph (17)
Scrolls
 d - a scroll of silence
 i - 2 scrolls of teleportation
 k - 5 scrolls of fear
 l - 3 scrolls of immolation
 o - 2 scrolls of fog
 s - 2 scrolls of magic mapping
 v - 4 scrolls of identify
 A - 2 scrolls of blinking
 D - a scroll of enchant weapon {unknown}
Potions
 a - 2 potions of magic
 h - 4 potions of heal wounds
 m - 2 potions of might
 n - a potion of mutation
 t - 2 potions of cancellation
 u - a potion of berserk rage
 z - 2 potions of flight
 B - a potion of brilliance


   Skills:
 + Level 5.3 Fighting
 + Level 5.0 Dodging
 - Level 1.7 Stealth
 + Level 7.1 Unarmed Combat
 - Level 6.0 Spellcasting
 - Level 6.0 Conjurations
 + Level 4.3 Transmutations
 - Level 6.0 Air Magic
 - Level 9.0 Poison Magic


You had 14 spell levels left.
You knew the following spells:

 Your Spells              Type           Power      Damage    Failure   Level
a - Sting                 Tmut/Pois      100%       1d8       1%          1
b - Poisonous Vapours     Pois/Air       68%        N/A       1%          2
c - Magic Dart            Conj           100%       1d8       1%          1
d - Olgreb's Toxic Radia  Pois           39%        N/A       1%          4

Your spell library contained the following spells:

 Spells                   Type           Power      Damage    Failure   Level
 Stone Arrow              Conj/Erth      34%        3d9       2%          3
 Shock                    Conj/Air       100%       1d9       1%          1
 Searing Ray              Conj           56%        2d6       1%          2
 Mephitic Cloud           Conj/Pois/Air  32%        N/A       1%          3
 Dazzling Flash           Conj/Hex       34%        N/A       2%          3
 Swiftness                Air            28%        N/A       2%          3
 Airstrike                Air            14%        2d(2-18)  2%          4
 Arcjolt                  Conj/Air       14%        1d24      7%          5
 Fulminant Prism          Conj/Hex       8%         3d7       9%          4
 Vhi's Electric Charge    Tloc/Air       34%        N/A       10%         3
 Summon Small Mammal      Summ           20%        N/A       11%         1
 Call Canine Familiar     Summ           5%         N/A       32%         3
 Summon Guardian Golem    Hex/Summ       5%         N/A       32%         3
 Blade Hands              Tmut           11%        N/A       45%         5
 Lee's Rapid Deconstruct  Erth           2%         3d5*      58%         5
 Silence                  Hex/Air        8%         N/A       65%         5
 Cause Fear               Hex            2%         N/A       73%         4
 Leda's Liquefaction      Hex/Erth       2%         N/A       73%         4
 Iron Shot                Conj/Erth      8%         9d3       73%         6
 Agony                    Necr           5%         N/A       97%         5
 Statue Form              Tmut/Erth      9%         N/A       100%        6
 Dragon Form              Tmut           11%        N/A       100%        7
 Maxwell's Capacitive Co  Air            14%        ∞         100%        8
 Dragon's Call            Summ           2%         N/A       100%        9
 Animate Armour           Summ/Erth      Unusable   N/A       N/A         4

Dungeon Overview and Level Annotations

Branches:
Dungeon (10/15)            Temple (0/1) D:5            Lair (0/5) D:9
    Orc (0/2) D:10

Altars:
Ashenzari
Gozag
Okawaru
Qazlal
Uskayaw
Vehumet
Zin

Shops:
D:2 :   D:3 =   D:4 *

Annotations:
D:10 1 runed translucent door, middlethird's ghost, journeyman FoNe


Innate Abilities, Weirdness & Mutations

You can breathe bolts of dispelling energy.
Your rich purple scales are hard. (AC +7)
You cannot fit into any form of body armour.
You are cold-blooded and may be slowed by cold attacks.


Message History

Confirm with . or Enter, or press ? or * to list all spells.
You begin to radiate toxic energy.
The troll is poisoned.
The two-headed ogre looks even sicker.
The centaur looks even sicker.
The centaur looks as sick as possible!
Unknown command.
The centaur looks as sick as possible!
The troll looks even sicker.
The centaur looks as sick as possible!
Your toxic aura wanes.
The troll attacks as you move away! The troll barely misses you. x2
The troll claws you but does no damage. The troll bites you!
The troll barely misses you. The troll claws you but does no damage.
You kill the centaur!
Vehumet accepts your kill.
You feel your power returning.
Casting: Olgreb's Toxic Radiance (mildly dangerous; 1% risk of failure)
Confirm with . or Enter, or press ? or * to list all spells.
You begin to radiate toxic energy.
The two-headed ogre looks even sicker.
The troll looks even sicker.
The two-headed ogre looks as sick as possible!
The troll barely misses you. The troll claws you! The troll claws you.
Unknown command.
The troll looks as sick as possible!
Your toxic aura wanes.
The troll attacks as you move away! The troll closely misses you.
The troll completely misses you. The troll closely misses you.
The troll attacks as you move away! The troll bites you but does no damage.
The troll closely misses you. The troll claws you!
The two-headed ogre attacks as you move away!
The two-headed ogre hits you with a +0 giant club!!
The two-headed ogre hits you with a +0 giant spiked club!!
* * * LOW HITPOINT WARNING * * *
Casting: Olgreb's Toxic Radiance (mildly dangerous; 1% risk of failure)
Confirm with . or Enter, or press ? or * to list all spells.
You begin to radiate toxic energy.
The troll looks as sick as possible! x2
The troll barely misses you. The troll claws you.
* * * LOW HITPOINT WARNING * * *
The troll misses you. The two-headed ogre barely misses you.
The two-headed ogre hits you with a +0 giant spiked club!!
You die...

##...........c.....# #
##....... ..........# .#
....... ......§c..#
..... .......))§# ...
........§D# #####.#
#########§# #...#.# #.#
#.8.#.##############.#
##...#........T@<.....#
##'#.##.)......O...)...#
))##.##................#
>.##.##................#
..##.##................#
##)#.################..#
###...# #..#
....8.###############..#
###.........)..........#


You could see a two-headed ogre (very poisoned) and a troll (extremely
poisoned).

Vanquished Creatures
  A boulder beetle (D:9)
  Maurice (D:8)
  A komodo dragon (D:9)
  A troll (D:10)
  Prince Ribbit (D:7)
  A shadow (D:9)
  A wraith (D:10)
  8 yaks
  2 steam dragons (D:9)
  Duvessa (D:7)
  A water moccasin (D:6)
  5 orc warriors
  A black bear (D:5)
  3 ice beasts
  2 ogres
  10 centaurs
  4 kobold brigands
  3 bullfrogs
  2 scorpions (D:6)
  A gnoll sergeant (D:8)
  4 wights (D:9)
  Dowan (D:7)
  10 killer bees
  4 howler monkeys
  5 electric eels (D:8)
  6 hounds
  A gnoll bouda (D:8)
  A jelly (D:6)
  7 orc priests
  Ijyb (D:5)
  5 iguanas
  9 orc wizards
  7 gnolls (D:8)
  10 adders
  2 white imps
  2 worms
  A dart slug (D:4)
  40 orcs
  3 ball pythons
  5 bats (D:1)
  3 endoplasms
  2 giant cockroaches
  4 goblins
  6 hobgoblins
  3 jackals (D:3)
  5 quokkas
  6 frilled lizards
  21 kobolds
  3 rats
227 creatures vanquished.

Notes
Turn   | Place    | Note
-------+----------+-------------------------------------------
     0 | D:1      | pkoi the Draconian Venom Mage began the quest for the Orb.
     0 | D:1      | Reached XP level 1. HP: 14/14 MP: 3/3
   284 | D:1      | Reached XP level 2. HP: 20/20 MP: 1/5
   382 | D:1      | Learned a level 2 spell: Poisonous Vapours
   881 | D:1      | Reached skill level 1 in Unarmed Combat
  1185 | D:2      | Found Juoc's Book Shop.
  1228 | D:2      | Reached XP level 3. HP: 24/26 MP: 0/6
  1383 | D:2      | Found a broken altar of Ashenzari.
  1865 | D:3      | Found a radiant altar of Vehumet.
  2084 | D:3      | Reached skill level 1 in Air Magic
  2086 | D:3      | Became a worshipper of Vehumet
  2472 | D:3      | Reached XP level 4. HP: 32/33 MP: 2/7
  2526 | D:3      | Found Furek's Jewellery Shoppe.
  2548 | D:3      | Found a hide-covered altar of Uskayaw.
  3163 | D:4      | Reached XP level 5. HP: 33/38 MP: 3/9
  3688 | D:4      | Noticed an orc warrior
  3694 | D:4      | Reached skill level 4 in Poison Magic
  3944 | D:4      | Reached * piety under Vehumet
  3944 | D:4      | Offered knowledge of Magic Dart by Vehumet.
  4088 | D:4      | Found an opulent altar of Gozag.
  4095 | D:4      | Reached XP level 6. HP: 45/45 MP: 7/10
  4177 | D:4      | Killed an orc warrior
  4244 | D:4      | Found Gozag's Platinum Reserve.
  4338 | D:5      | Entered Level 5 of the Dungeon
  4356 | D:5      | Found a staircase to the Ecumenical Temple.
  4416 | D:5      | HP: 1/45 [ogre/+0 giant spiked club (16)]
  4581 | D:5      | Learned a level 1 spell: Magic Dart
  4586 | D:5      | Learned a level 4 spell: Olgreb's Toxic Radiance
  4717 | D:5      | Your scales start taking on a rich purple colour.
  4717 | D:5      | Reached XP level 7. HP: 26/51 MP: 7/12
  4841 | D:5      | Reached skill level 1 in Fighting
  4905 | D:5      | Reached skill level 1 in Conjurations
  5140 | D:5      | Reached skill level 5 in Poison Magic
  5418 | D:5      | Noticed Ijyb
  5433 | D:5      | Killed Ijyb
  5906 | D:6      | Reached XP level 8. HP: 30/61 MP: 6/14
  6534 | D:6      | Found an iron altar of Okawaru.
  7594 | D:6      | Reached skill level 5 in Spellcasting
  7677 | D:7      | Noticed Duvessa
  7678 | D:7      | Noticed Dowan
  7692 | D:7      | Killed Dowan
  7696 | D:7      | Killed Duvessa
  7835 | D:7      | Noticed Prince Ribbit
  7860 | D:7      | Killed Prince Ribbit
  7861 | D:7      | Reached XP level 9. HP: 57/70 MP: 4/16
  8198 | D:7      | Reached skill level 6 in Poison Magic
  8415 | D:7      | You fall into a shaft and drop 1 floor!
  8416 | D:8      | Noticed Maurice
  8439 | D:8      | Killed Maurice
  8440 | D:8      | Reached skill level 5 in Unarmed Combat
  8709 | D:8      | Offered knowledge of Sandblast by Vehumet.
  8709 | D:8      | Reached ** piety under Vehumet
  9194 | D:8      | Reached skill level 5 in Air Magic
  9473 | D:8      | Found a glowing silver altar of Zin.
 10952 | D:9      | Noticed a boulder beetle
 10974 | D:9      | Killed a boulder beetle
 10975 | D:9      | Reached skill level 5 in Conjurations
 10975 | D:9      | Reached skill level 7 in Poison Magic
 10975 | D:9      | Reached XP level 10. HP: 69/78 MP: 11/19
 11046 | D:9      | Found a staircase to the Lair.
 11167 | D:9      | Found a stormy altar of Qazlal.
 11418 | D:9      | Reached skill level 8 in Poison Magic
 11472 | D:9      | Offered knowledge of Searing Ray by Vehumet.
 11911 | D:9      | Reached skill level 9 in Poison Magic
 12053 | D:10     | Entered Level 10 of the Dungeon
 12053 | D:10     | Found a runed translucent door.
 12056 | D:10     | Noticed middlethird's ghost (journeyman FoNe)
 12426 | D:10     | Reached *** piety under Vehumet
 12658 | D:10     | Reached skill level 5 in Fighting
 12719 | D:10     | Found a staircase to the Orcish Mines.
 12902 | D:10     | Offered knowledge of Stone Arrow by Vehumet.
 12973 | D:10     | Reached XP level 11. HP: 70/88 MP: 6/20
 13250 | D:10     | Reached skill level 5 in Dodging
 13267 | D:10     | Noticed a two-headed ogre
 13283 | D:10     | Slain by a two-headed ogre

Illustrated notes

Levels and vault maps discovered:
D:1:      minmay_arrival_widening_spiral_wide, layout_basic, patterned_corridor
D:2:      layout_rooms, basic_altar, serial_shops, shop
D:3:      layout_loops_cross, mainiacjoe_overflow_surrounded_room,
          vehumet_altar_wand_db, serial_shops, nicolae_shop_back_alley_shop,
          dk_vineyard_2
D:4:      layout_rooms, nicolae_gozag_zags_fifth_avenue, guppyfry_early_orc_mine
D:5:      layout_loops_ring, temple_green, minmay_misc_feat_nine_boxes,
          serial_park_tiny_pond, chequers_serial_rivers_marsh, uniq_ijyb
D:6:      layout_loops_corners, lemuel_crystal_altar,
          hangedman_abyss_or_decor_stabs, minmay_misc_feat_doors
D:7:      layout_loops_ring, uniq_prince_ribbit1, uniq_duvessa
D:8:      layout_loops_ring, old_standard_altar, serial_bayou,
          serial_bayou_shore_a, serial_bayou_pond_d, serial_bayou_crossing,
          serial_bayou_lagoon_a, kennysheep_generic_room_3, uniq_maurice
D:9:      layout_gridville, nicolae_qazlal_scattered_showers,
          david_lair_shrubbed
D:10:     layout_long_grid, hiddenorc2_lemuel, hellmonk_ghost_big_iron,
          kennysheep_kite_vault

Skill      XL: |  1  2  3  4  5  6  7  8  9 10 11 |
---------------+----------------------------------+-----
Unarmed Combat | 1 2 3 4 6 7 |  7.1
Air Magic      | 1 2 3 4 6 |  6.0
Transmutations | 2 3 4 |  4.3
Spellcasting   | 3 4 5 6 |  6.0
Poison Magic   | 4 5 7 9 |  9.0
Dodging        | 2 3 4 5 |  5.0
Fighting       | 2 3 4 5 |  5.3
Conjurations   | 1 3 5 6 |  6.0
Stealth        | |  1.7

Action                     |  1- 3 |  4- 6 |  7- 9 | 10-12 || total
---------------------------+-------+-------+-------+-------++-------
  Melee: Unarmed           |     8 |       |       |       ||     8
         Whip              |    25 |    59 |    75 |    27 ||   186
         Tailslap          |     6 |     8 |    14 |    11 ||    39
         Punch             |     1 |     2 |     4 |     5 ||    12
         Scimitar          |       |       |       |    37 ||    37
   Cast: Sting             |    89 |    91 |   162 |    21 ||   363
         Poisonous Vapours |       |     6 |    26 |    34 ||    66
         Olgreb's Toxic Ra |       |       |    15 |    29 ||    44
         Magic Dart        |       |       |       |     8 ||     8
  Evoke: Wand              |       |     3 |     4 |     5 ||    12
    Use: Potion            |     4 |     1 |     3 |       ||     8
         Scroll            |     3 |     6 |     5 |     1 ||    15
   Stab: Sleeping          |       |       |     1 |       ||     1
         Invisible         |       |       |       |     2 ||     2
 Armour: Skin              |    20 |    39 |    96 |    40 ||   195
  Dodge: Dodged            |    51 |    91 |   159 |    87 ||   388
